[Event "*** SCC Grand Prix: Titled Tuesday Blitz"]
[Site "Chess.com"]
[Date "2020.09.08"]
[Round "3"]
[White "Mostii"]
[Black "MVM2008"]
[Result "0-1"]
[WhiteElo "2382"]
[BlackElo "2263"]
[TimeControl "180+1"]
[EndTime "10:28:21 PDT"]
[Termination "MVM2008 won by resignation"]

1. d4 c5 2. dxc5 Nc6 3. Nf3 e5 4. g3 Bxc5 5. Bg2 d5 6. O-O Nge7 7. b3 f6 8. Bb2 Be6 9. Nbd2 Qd7 10. c4 e4 11.
cxd5 Bxd5 12. Ne1 e3 13. Nd3 Bxg2 14. Nxc5 Qd5 15. Nc4 Bxf1 16. Nd6+ Kf8 17. Nd7+ Kg8 18. Qxf1 Qxd6 19. Rd1 exf2+ 20. Kxf2 Qe6 21. Qg2 Rd8 0-1

[Event "*** SCC Grand Prix: Titled Tuesday Blitz"]
[Site "Chess.com"]
[Date "2020.09.08"]
[Round "3"]
[White "Sashadav97"]
[Black "AlexTriapishko"]
[Result "1-0"]
[WhiteElo "2540"]
[BlackElo "2735"]
[TimeControl "180+1"]
[EndTime "10:28:24 PDT"]
[Termination "Sashadav97 won on time"]

1. d4 d6 2. e4 e5 3. Nf3 exd4 4. Qxd4 Nf6 5. Nc3 Nc6 6. Bb5 Bd7 7. Bxc6 Bxc6 8.
Bg5 Be7 9. O-O-O O-O 10. Rhe1 Nd7 11. Bxe7 Qxe7 12. Nd5 Bxd5 13. exd5 Qf6 14. Qxf6 Nxf6 15. Re7 Rac8 16. c4 Rfe8 17. Rde1 Rxe7 18. Rxe7 Kf8 19.
Re2 c6 20. dxc6 Rxc6 21. Rc2 d5 22. cxd5 Rxc2+ 23. Kxc2 Ne4 24. Kd3 Nxf2+ 25. Kd4 Ke7 26. Ne5 f6 27. Nc4 Ng4 28. h3 Nh6 29. g4 Nf7 30. a4 Nd6 31. Ne3 g6 32. b4 b6 33.
Ng2 Nb7 34. Ne3 1-0

[Event "*** SCC Grand Prix: Titled Tuesday Blitz"]
[Site "Chess.com"]
[Date "2020.09.08"]
[Round "3"]
[White "Agnes66678"]
[Black "LaPorfia"]
[Result "0-1"]
[WhiteElo "2487"]
[BlackElo "2265"]
[TimeControl "180+1"]
[EndTime "10:28:27 PDT"]
[Termination "LaPorfia won by resignation"]

1. Nf3 c5 2. g3 Nc6 3. Bg2 g6 4. O-O Bg7 5. c3 d5 6. d4 cxd4 7. cxd4 Nf6 8. Nc3 O-O 9. Ne5 Bf5 10.
Bf4 Rc8 11. Rc1 Ne4 12. Nxc6 bxc6 13. Be5 Nxc3 14. bxc3 Bxe5 15. dxe5 Qc7 16. Qd4 c5 17.
Qxd5 Rfd8 18. Qb7 Qxe5 19. Qxa7 Be4 20. Rfd1 Bxg2 21. Kxg2 Rxd1 22. Rxd1 Qxe2 23. Qd7 Ra8 24. Qd2 Rxa2 25. Qxe2 Rxe2 26. Kf3 Rc2 27. Rd3 f5 28. Re3 Kf7 29. Kf4 Kf6 30. Kf3 e5 31. h4 h6 32. Kg2 c4 33. Rf3 g5 34. hxg5+ hxg5 35. Re3 f4 36. Re4 Rxc3 37. gxf4 gxf4 38. Re1 Kf5 39. Rh1 Rc2 40. Rh8 c3 41. Rf8+ Ke4 42. Rc8 Rc1 43. Rc4+ Kd3 44. Rc5 c2 45. Kf3 Rf1 0-1

[Event "*** SCC Grand Prix: Titled Tuesday Blitz"]
[Site "Chess.com"]
[Date "2020.09.08"]
[Round "3"]
[White "KyrgyzFighter"]
[Black "blitzking1729"]
[Result "1-0"]
[WhiteElo "2351"]
[BlackElo "2615"]
[TimeControl "180+1"]
[EndTime "10:28:27 PDT"]
[Termination "KyrgyzFighter won by resignation"]

1. c4 d6 2. Nc3 e5 3. g3 f5 4.
Bg2 Nf6 5. e3 Be7 6. Nge2 O-O 7.
O-O Kh8 8. d4 e4 9. b4 c6 10. d5 cxd5 11. Nxd5 Nxd5 12. Qxd5 Bf6 13. Rb1 Nc6 14. Rd1 Be5 15. Bb2 Nxb4 16. Qb5 Nd3 17.
Bxe5 dxe5 18. Nc1 f4 19. Bxe4 fxg3 20. hxg3 Bd7 21. Qxb7 Nxf2 22. Rxd7 Qg5 23. Rxg7 Nh3+ 24. Kh2 Rf2+ 25. Bg2 Qxg7 26. Qxa8+ Rf8 27. Rb8 1-0

[Event "*** SCC Grand Prix: Titled Tuesday Blitz"]
[Site "Chess.com"]
[Date "2020.09.08"]
[Round "3"]
[White "WIDBIFS"]
[Black "Manukyan_Artak"]
[Result "1-0"]
[WhiteElo "2706"]
[BlackElo "2413"]
[TimeControl "180+1"]
[EndTime "10:28:28 PDT"]
[Termination "WIDBIFS won by checkmate"]

1. d4 Nf6 2. Nf3 d6 3. Bg5 g6 4.
Bxf6 exf6 5. g3 h5 6. h4 f5 7. e3 Bh6 8. Bg2 Nd7 9. Nc3 O-O 10. Ne2 Nf6 11. O-O Ne4 12. Nd2 d5 13. Nf4 Bxf4 14. exf4 c6 15. c3 Qb6 16. Rb1 a5 17. Re1 Be6 18. Nf3 Rfe8 19. Ne5 a4 20. a3 Ra5 21. Nd3 Raa8 22. Kh2 Nf6 23. Bf3 Ng4+ 24. Kg2 Bd7 25. Ne5 Nxe5 26. Rxe5 Rxe5 27. fxe5 f4 28.
Qd2 fxg3 29. fxg3 Bf5 30. Rf1 Ra5 31. Rf2 Rb5 32. Bd1 Ra5 33. Kh2 Be6 34. Be2 Ra8 35. Bd3 Qd8 36. Rf6 Qe7 37. Qg5 Re8 38. Bxg6 fxg6 39.
Rxg6+ Kf8 40. Qh6+ Kf7 41. Qg7# 1-0

[Event "*** SCC Grand Prix: Titled Tuesday Blitz"]
[Site "Chess.com"]
[Date "2020.09.08"]
[Round "3"]
[White "UmarovSabir"]
[Black "TheMagnet"]
[Result "0-1"]
[WhiteElo "2377"]
[BlackElo "2580"]
[TimeControl "180+1"]
[EndTime "10:28:28 PDT"]
[Termination "TheMagnet won on time"]

1. e4 c5 2. a3 g6 3. Nf3 Bg7 4. Bc4 Nc6 5. O-O d6 6. c3 Nf6 7.
Re1 Bg4 8. h3 Bxf3 9. Qxf3 O-O 10. d3 a6 11. Ba2 b5 12. Nd2 Rc8 13. Nf1 a5 14. Ne3 b4 15. axb4 axb4 16. Bd2 Qb6 17. Nc4 Qc7 18. Qe3 Nd7 19. Kh1 Nb6 20. f4 Nxc4 21.
Bxc4 Rb8 22. f5 bxc3 23. bxc3 Ne5 24. Bd5 Qd7 25. Rf1 e6 26. fxe6 fxe6 27. Ba2 Kh8 28. Rxf8+ Rxf8 29. d4 cxd4 30. cxd4 Nc6 31. Bc3 e5 32.
dxe5 dxe5 33. Bd5 Nd4 34. Qd3 Qe7 35. Qc4 h5 0-1

[Event "*** SCC Grand Prix: Titled Tuesday Blitz"]
[Site "Chess.com"]
[Date "2020.09.08"]
[Round "3"]
[White "chessfrendz"]
[Black "akanga001"]
[Result "1-0"]
[WhiteElo "2277"]
[BlackElo "1889"]
[TimeControl "180+1"]
[EndTime "10:28:28 PDT"]
[Termination "chessfrendz won by resignation"]

1. d4 d5 2. c4 e6 3. Nc3 Nf6 4. Nf3 Be7 5. Bf4 a6 6. e3 O-O 7. Rc1 b6 8. cxd5 exd5 9. Bd3 Bb7 10. O-O Nbd7 11. Ne2 Rc8 12. Ng3 Ne4 13. Nf5 Ndf6 14.
Nxe7+ Qxe7 15. Ne5 c5 16. b3 Rfe8 17. Ng4 Nxg4 18. Qxg4 Rc6 19. Qh3 g5 20. Bg3 Bc8 21. Qh5 Kg7 22. dxc5 bxc5 23. Bxe4 Rh6 24. Qd1 dxe4 25. Qd5 f5 26. Qxc5 Rf6 27. Qxe7+ Rxe7 28.
Rxc8 f4 29. exf4 1-0

[Event "*** SCC Grand Prix: Titled Tuesday Blitz"]
[Site "Chess.com"]
[Date "2020.09.08"]
[Round "3"]
[White "Sven_Tica"]
[Black "penguingm1"]
[Result "1-0"]
[WhiteElo "2702"]
[BlackElo "2952"]
[TimeControl "180+1"]
[EndTime "10:28:30 PDT"]
[Termination "Sven_Tica won by checkmate"]

1. d4 d5 2. c4 e6 3. Nf3 Nf6 4. g3 dxc4 5. Bg2 Nc6 6. Qa4 Bd7 7. Qxc4 Na5 8. Qd3 c5 9. O-O Bc6 10. Nc3 Be7 11. Rd1 O-O 12. e4 Qb6 13. e5 Nd7 14. d5 c4 15. Qe2 exd5 16. e6 Nc5 17. exf7+ Rxf7 18. Ne5 Rff8 19. Nxd5 Bxd5 20. Bxd5+ Kh8 21.
Nf7+ Rxf7 22. Bxf7 Bf6 23. Bxc4 Na4 24. Bd3 Nxb2 25. Rb1 Nxd3 26. Rxb6 Nxc1 27. Rxc1 axb6 28. Qe6 Bd4 29. Rc8+ Rxc8 30. Qxc8# 1-0

[Event "*** SCC Grand Prix: Titled Tuesday Blitz"]
[Site "Chess.com"]
[Date "2020.09.08"]
[Round "3"]
[White "SophieNikoladze"]
[Black "MFBerna"]
[Result "0-1"]
[WhiteElo "2237"]
[BlackElo "2455"]
[TimeControl "180+1"]
[EndTime "10:28:31 PDT"]
[Termination "MFBerna won by resignation"]

1. d4 d5 2. Nf3 c6 3. e3 Nf6 4. c4 Bf5 5. Nc3 e6 6. Nh4 Bg6 7. Nxg6 hxg6 8. Qb3 Qb6 9. Bd2 Nbd7 10. Bd3 Be7 11. f4 O-O 12. c5 Qxb3 13. axb3 b6 14. b4 a5 15. bxa5 bxc5 16. dxc5 Bxc5 17. Ke2 e5 18. fxe5 Nxe5 19. Na4 Bd6 20. b4 Rfb8 21. Nb6 Ra7 22. Bc3 Nxd3 23. Kxd3 Ne4 24. Ra2 Rxb6 25. Bd4 c5 26. bxc5 Nxc5+ 27. Bxc5 Bxc5 28. axb6 Rxa2 29.
Rb1 Bxb6 30. Rxb6 Rxg2 31. Rb8+ Kh7 32. Rf8 f5 33. Rd8 Rxh2 34. Rxd5 Rh3 35. Rd4 g5 36.
Ke2 g4 37. Kf2 g5 38. Rd5 Rf3+ 39. Kg2 Kg6 40. Re5 Kf6 41. Re8 f4 42. e4 Re3 43.
Kf2 g3+ 44. Kg2 g4 45. Rg8 Re2+ 46. Kf1 g2+ 47. Kg1 f3 48. Rxg4 Re1+ 49. Kf2 Rf1+ 50.
Ke3 g1=Q+ 51. Rxg1 Rxg1 52. Kxf3 Ke5 0-1

[Event "*** SCC Grand Prix: Titled Tuesday Blitz"]
[Site "Chess.com"]
[Date "2020.09.08"]
[Round "3"]
[White "eCztery"]
[Black "sergeikim"]
[Result "0-1"]
[WhiteElo "2310"]
[BlackElo "2461"]
[TimeControl "180+1"]
[EndTime "10:28:32 PDT"]
[Termination "sergeikim won on time"]

1. e4 e5 2. Nf3 Nc6 3. d4 exd4 4. Bc4 Nf6 5. O-O Nxe4 6. Nc3 Nxc3 7. bxc3 d5 8. Bb5 Be7 9. Ne5 O-O 10. Bxc6 bxc6 11. Nxc6 Qd6 12. Nxe7+ Qxe7 13. cxd4 Bf5 14. a4 Rfe8 15. Be3 Qe4 16. c3 Rab8 17. a5 Rb2 18. a6 Reb8 19. Qa4 h6 20. Qc6 R8b6 21. Qa8+ Kh7 22.
Kh1 Rg6 23. Rg1 Bh3 24. f3 Qxe3 25. Qxd5 Bxg2+ 0-1

[Event "*** SCC Grand Prix: Titled Tuesday Blitz"]
[Site "Chess.com"]
[Date "2020.09.08"]
[Round "3"]
[White "Konavets"]
[Black "Iball95"]
[Result "1-0"]
[WhiteElo "3069"]
[BlackElo "2719"]
[TimeControl "180+1"]
[EndTime "10:28:37 PDT"]
[Termination "Konavets won on time"]

1. e4 c5 2. Nf3 Nc6 3. Bb5 d6 4. O-O Nf6 5. e5 dxe5 6. Bxc6+ bxc6 7. Nxe5 e6 8. Re1 Bd6 9. d3 O-O 10. Na3 Nd7 11. Nac4 Nxe5 12. Nxe5 Qc7 13. Qh5 f6 14. Nc4 Be7 15. f4 Bd7 16. Be3 Be8 17. Qh3 Bf7 18. Re2 Rfe8 19. b3 Bf8 20. Rae1 Rad8 21. Bd2 Rd5 22.
Qf3 Qd7 23. Ne3 Rd6 24. h3 Qc8 25. Bc3 Qa6 26. Qg3 Kh8 27. Ng4 Be7 28. f5 Qc8 29. Ne5 fxe5 30. Bxe5 Bf6 31. Bxf6 gxf6 32. Qxd6 e5 33.
Qxf6+ Kg8 34. Rxe5 Rxe5 35. Rxe5 Qd7 36. Re7 Qd5 37.
Qxf7+ Qxf7 38. Rxf7 Kxf7 39. Kf2 Kf6 40. g4 Kg5 41. Kg3 c4 42. h4+ Kf6 43. bxc4 c5 44. Kf4 a5 45. g5+ Kg7 46. Ke5 h6 47. f6+ Kg6 48.
gxh6 Kf7 49. h7 Kg6 50. h8=Q a4 51. Qg7+ 1-0

[Event "*** SCC Grand Prix: Titled Tuesday Blitz"]
[Site "Chess.com"]
[Date "2020.09.08"]
[Round "3"]
[White "zaur-mammadov"]
[Black "omer1997"]
[Result "0-1"]
[WhiteElo "2648"]
[BlackElo "2395"]
[TimeControl "180+1"]
[EndTime "10:28:38 PDT"]
[Termination "omer1997 won by resignation"]

1. e4 e5 2. Nf3 Nf6 3. Nc3 Nc6 4. Be2 g6 5. d4 exd4 6. Nxd4 d6 7. Nxc6 bxc6 8. O-O Bg7 9. f4 O-O 10. Bf3 Re8 11. Rb1 Rb8 12. Be3 c5 13. h3 Bb7 14.
Qd3 Qe7 15. e5 dxe5 16. Bxb7 Rxb7 17. f5 Rb4 18. a3 e4 19. Qa6 Rb6 20. Qc4 Nd7 21.
fxg6 hxg6 22. b4 Ne5 23. Qxc5 Rc6 24. Qxe7 Rxe7 25. Nd5 Rd7 26. Rbd1 Rcd6 27. Nc3 Nc4 28. Rxd6 Rxd6 29. Nxe4 Nxe3 30. Nxd6 Nxf1 31. Kxf1 cxd6 32.
Ke2 Kf8 33. Kd3 d5 34. c4 dxc4+ 35. Kxc4 Ke7 36. a4 Kd6 37. Kb5 f5 38. Ka6 Bd4 39. b5 Ke5 40. Kb7 Kf4 41. Kc6 Kg3 42. a5 Kxg2 43.
Kd5 Bg1 44. h4 Kg3 45. b6 axb6 46. a6 b5 0-1

[Event "*** SCC Grand Prix: Titled Tuesday Blitz"]
[Site "Chess.com"]
[Date "2020.09.08"]
[Round "3"]
[White "stepanosinovsky"]
[Black "Vsevolod_Ovchinnikov"]
[Result "0-1"]
[WhiteElo "2351"]
[BlackElo "2563"]
[TimeControl "180+1"]
[EndTime "10:28:38 PDT"]
[Termination "Vsevolod_Ovchinnikov won on time"]

1. e3 Nf6 2. d4 g6 3. c3 Bg7 4.
Bd3 d6 5. Nd2 e5 6. Ngf3 Qe7 7.
Qc2 O-O 8. O-O Re8 9. Ne4 Nfd7 10. Bc4 Nb6 11. Bb3 Bf5 12. dxe5 dxe5 13. Nfg5 Rf8 14. Qe2 h6 15. g4 Bd7 16. Nh3 Qh4 17. f3 Qxh3 18. Rd1 Nc6 19. a4 a5 20. Nc5 Bc8 21. e4 Qh4 22. Be3 Kh7 0-1

[Event "*** SCC Grand Prix: Titled Tuesday Blitz"]
[Site "Chess.com"]
[Date "2020.09.08"]
[Round "3"]
[White "BocharovD"]
[Black "zmeeed67"]
[Result "1-0"]
[WhiteElo "2793"]
[BlackElo "2437"]
[TimeControl "180+1"]
[EndTime "10:28:42 PDT"]
[Termination "BocharovD won by resignation"]

1. c4 Nf6 2. d4 Nc6 3. Nf3 d6 4. d5 Ne5 5. Nc3 Nxf3+ 6. exf3 g6 7. Bd3 Bg7 8. O-O O-O 9. Re1 Re8 10. Bg5 c6 11. Qd2 Bd7 12. Re2 cxd5 13. cxd5 a6 14. Rae1 b5 15. a3 Rc8 16. h4 Rc5 17. Bc2 a5 18.
Bb3 a4 19. Ba2 Bf5 20. g4 Bd7 21. h5 Qc8 22. h6 Bf8 23. Bxf6 exf6 24. Rxe8 Bxe8 25.
Ne4 Qd8 26. Nxc5 dxc5 27. d6 Bd7 28. Bxf7+ Kh8 29. Qd5 Bxh6 30. Re7 Bg7 31. Be6 Bxe6 32. Qxe6 c4 33. Re8+ 1-0

[Event "*** SCC Grand Prix: Titled Tuesday Blitz"]
[Site "Chess.com"]
[Date "2020.09.08"]
[Round "3"]
[White "AleksanderHnydiuk"]
[Black "Duong57"]
[Result "1-0"]
[WhiteElo "2529"]
[BlackElo "2301"]
[TimeControl "180+1"]
[EndTime "10:28:43 PDT"]
[Termination "AleksanderHnydiuk won by resignation"]

1. e4 c5 2. Nf3 d6 3. d4 cxd4 4. Nxd4 Nf6 5. Nc3 a6 6. Be3 e5 7. Nb3 Be6 8. Qd2 Be7 9. O-O-O Nbd7 10. f4 Qc7 11. Kb1 b5 12. h3 O-O 13. g4 exf4 14. Bxf4 Ne5 15. Nd4 Rab8 16. Nf5 Bxf5 17. exf5 b4 18. Nd5 Nxd5 19. Qxd5 Rfc8 20. Bd3 Nc4 21.
Bxc4 Qxc4 22. Qxc4 Rxc4 23. Bxd6 Bxd6 24. Rxd6 a5 25.
Rhd1 h5 26. g5 Rf4 27. g6 fxg6 28. fxg6 Rff8 29. b3 Rb5 30. R1d5 Rxd5 31. Rxd5 Ra8 32. Rxh5 Ra6 33. Rg5 Kf8 34. Rf5+ Ke8 35. h4 a4 36. h5 a3 37. Kc1 Re6 38. Rf4 Re5 39. h6 1-0

[Event "*** SCC Grand Prix: Titled Tuesday Blitz"]
[Site "Chess.com"]
[Date "2020.09.08"]
[Round "3"]
[White "alejogarcia1999"]
[Black "IngOscarArdila"]
[Result "1-0"]
[WhiteElo "2367"]
[BlackElo "2190"]
[TimeControl "180+1"]
[EndTime "10:28:43 PDT"]
[Termination "alejogarcia1999 won by resignation"]

1. Nf3 Nf6 2. g3 g6 3. Bg2 Bg7 4. O-O d6 5. c4 Nbd7 6. Nc3 O-O 7.
Rb1 e5 8. d3 Re8 9. b4 c6 10.
b5 d5 11. bxc6 bxc6 12. cxd5 cxd5 13. Bg5 h6 14. Bd2 Nb6 15. Qc1 Kh7 16. Nb5 Bd7 17. Nc7 Rc8 18. Nxe8 Rxc1 19. Nxf6+ Bxf6 20. Rfxc1 Be6 21. Ba5 e4 22. dxe4 dxe4 23. Rd1 Qe7 24. Nd4 Bxa2 25.
Rb2 Bc4 26. Bxb6 axb6 27. Rxb6 Kg7 28. e3 Bd3 29. Bf1 Bxd4 30. exd4 Qc7 31. Rb2 Qc3 32.
Rbd2 Qxd4 33. Bxd3 exd3 34. Rxd3 Qc4 35. Rf3 h5 36. h4 Qe2 37. Rdd3 Qe1+ 38. Kg2 Qe4 39. Rd7 Qe6 40. Rdxf7+ Qxf7 41. Rxf7+ Kxf7 42. Kf3 Kf6 43. Kf4 Kf7 44. Kg5 Kg7 45. f4 Kf7 46. f5 gxf5 47.
Kxf5 Kg7 48. Kg5 1-0

[Event "*** SCC Grand Prix: Titled Tuesday Blitz"]
[Site "Chess.com"]
[Date "2020.09.08"]
[Round "3"]
[White "Alexander_Moskalenko"]
[Black "FlamingPhoenix123"]
[Result "1/2-1/2"]
[WhiteElo "2791"]
[BlackElo "2563"]
[TimeControl "180+1"]
[EndTime "10:28:44 PDT"]
[Termination "Game drawn by agreement"]

1. c4 Nf6 2. Nc3 e6 3. Nf3 d5 4.
e3 Be7 5. b3 c6 6. Bb2 O-O 7. Qc2 Nbd7 8. g4 Nxg4 9. Rg1 Ngf6 10.
Ne2 a5 11. Nf4 a4 12. bxa4 Qa5 13. Ng5 Qxa4 14. Qb1 e5 15. Nh5 g6 16. Bd3 Nxh5 17.
Nxh7 e4 18. Bxe4 dxe4 19. Nxf8 Bxf8 20. Qxe4 Ndf6 21. Qd4 Be6 22. d3 Bg7 23. Qb6 Qc2 24.
Qb3 Qxb3 25. axb3 Rxa1+ 26. Bxa1 Ng4 27. Bxg7 Kxg7 28. h3 Ne5 29. Ke2 Bxh3 30. Ra1 Bg4+ 31. Kd2 b5 32. Ra6 bxc4 33. bxc4 Nf3+ 34. Kc3 Bd7 1/2-1/2

[Event "*** SCC Grand Prix: Titled Tuesday Blitz"]
[Site "Chess.com"]
[Date "2020.09.08"]
[Round "3"]
[White "Agibileg"]
[Black "guillembaches"]
[Result "0-1"]
[WhiteElo "2575"]
[BlackElo "2402"]
[TimeControl "180+1"]
[EndTime "10:28:48 PDT"]
[Termination "guillembaches won on time"]

1. d4 Nf6 2. c4 e6 3. Nc3 Bb4 4.
Qc2 O-O 5. e4 d5 6. e5 Ne4 7.
Bd3 c5 8. Nf3 cxd4 9. Nxd4 Nd7 10. Bf4 Ndc5 11. O-O-O Nxd3+ 12. Rxd3 Nxc3 13. bxc3 Ba3+ 14. Kb1 dxc4 15. Rh3 Qb6+ 16. Ka1 g6 17. Rb1 Qa6 18. Bg5 Bd7 19. Bf6 Rfc8 20. Qe4 Bf8 21. Rxh7 Kxh7 22. Qh4+ Bh6 23. Bg5 Qa3 24. Qxh6+ Kg8 25.
Ne2 Qf8 26. Qh3 Qg7 27. Bf6 Qh7 28. Qg3 Bc6 29. Nf4 Rd8 30. Nh3 Qh5 31. Bxd8 Rxd8 32. Nf4 Qf5 0-1

[Event "*** SCC Grand Prix: Titled Tuesday Blitz"]
[Site "Chess.com"]
[Date "2020.09.08"]
[Round "3"]
[White "creativity"]
[Black "korbul"]
[Result "1-0"]
[WhiteElo "2090"]
[BlackElo "2455"]
[TimeControl "180+1"]
[EndTime "10:28:48 PDT"]
[Termination "creativity won by checkmate"]

1. d4 Nf6 2. c4 d6 3. Nf3 Nbd7 4. Nc3 e5 5. e4 Be7 6. Be2 O-O 7. O-O c6 8. Re1 a6 9. h3 b5 10. d5 cxd5 11. Nxd5 Nxd5 12. cxd5 Nc5 13. Bf1 Bd7 14.
Bd2 g6 15. Rc1 f5 16. exf5 Bxf5 17. Be3 Rc8 18. Bxc5 dxc5 19. Nxe5 Bf6 20. Nc6 Qd6 21.
a4 c4 22. axb5 axb5 23. b3 c3 24. Bxb5 Rc7 25. Bc4 Kh8 26. Qe2 Bg7 27. Qe3 Qf6 28. b4 c2 29. b5 Qb2 30. d6 Rd7 31. Bd3 Bh6 32. Qxh6 Bxd3 33. Qxf8# 1-0

[Event "*** SCC Grand Prix: Titled Tuesday Blitz"]
[Site "Chess.com"]
[Date "2020.09.08"]
[Round "3"]
[White "Muracle"]
[Black "JoliyRoger"]
[Result "0-1"]
[WhiteElo "2564"]
[BlackElo "2394"]
[TimeControl "180+1"]
[EndTime "10:28:49 PDT"]
[Termination "JoliyRoger won by resignation"]

1. d4 Nf6 2. c4 e6 3. g3 c5 4. dxc5 Bxc5 5. Nh3 Nc6 6. Bg2 O-O 7. O-O a6 8. Nc3 Be7 9. Bf4 Nh5 10. Bd6 Nf6 11. c5 Qa5 12. a3 Bxd6 13. cxd6 Ne8 14. Qd2 h6 15. Rfd1 Rb8 16. Nf4 Nd8 17. Rac1 b5 18. Ne4 Qb6 19. Nc5 Nb7 20. b4 Nbxd6 21. Qd4 Nf5 22. Qb2 d6 23. e4 Ne7 24. Nb3 Bb7 25.
Na5 Ba8 26. h4 Nf6 27. e5 dxe5 28. Nd3 Bxg2 29. Kxg2 e4 30. Nc5 Ned5 31. Qe5 Rbc8 32. Nxe4 Nxe4 33. Qxe4 Nc3 0-1

[Event "*** SCC Grand Prix: Titled Tuesday Blitz"]
[Site "Chess.com"]
[Date "2020.09.08"]
[Round "3"]
[White "banane_verte"]
[Black "Mbneu"]
[Result "0-1"]
[WhiteElo "2447"]
[BlackElo "2258"]
[TimeControl "180+1"]
[EndTime "10:28:50 PDT"]
[Termination "Mbneu won by resignation"]

1. e4 c5 2. Nc3 a6 3. g3 b5 4.
Bg2 Bb7 5. Nge2 e6 6. d3 h5 7. h4 Nh6 8. Be3 Ng4 9. Bf4 b4 10. Nb1 e5 11. Bg5 f6 12. Bc1 Nc6 13. Nd2 Ne7 14.
Nc4 d5 15. Ne3 dxe4 16. Nxg4 hxg4 17. Bxe4 Bxe4 18. dxe4 Qxd1+ 19. Kxd1 O-O-O+ 20. Ke1 Nc6 21. Be3 Nd4 22. Bxd4 cxd4 23. Kd2 Kb7 24. Kd3 g6 25. Nc1 a5 26. Nb3 Kb6 27. Nd2 Kb5 28. Nc4 Rc8 29.
b3 Rh5 30. Rhf1 Rc5 31. a3 Rc6 32.
axb4 Bxb4 33. Ra4 Bc3 34. Na3+ Kb6 35. Rc4 f5 36. Re1 Bxe1 37. Ra4 Bxf2 38. Nc4+ Rxc4 39. bxc4 Bxg3 40. c5+ Kxc5 41. Rxa5+ Kb6 42. Ra8 fxe4+ 43. Kxe4 Bxh4 44. Rg8 g3 45. Rxg6+ Kb5 46. Kf3 Rg5 47. Rxg5 Bxg5 48. Kxg3 Kc4 49. Kf3 Kc3 50. Ke4 Kxc2 51. Kxe5 d3 0-1

[Event "*** SCC Grand Prix: Titled Tuesday Blitz"]
[Site "Chess.com"]
[Date "2020.09.08"]
[Round "3"]
[White "dretch"]
[Black "albano87"]
[Result "1-0"]
[WhiteElo "2779"]
[BlackElo "2533"]
[TimeControl "180+1"]
[EndTime "10:28:54 PDT"]
[Termination "dretch won by resignation"]

1. d4 d5 2. c4 e6 3. Nc3 Nf6 4. cxd5 exd5 5. Bg5 Nbd7 6. e3 Be7 7. Bd3 O-O 8. Nge2 c5 9. O-O b6 10. Rc1 Bb7 11.
Ng3 g6 12. f4 Ne4 13. Bxe7 Qxe7 14. Bxe4 dxe4 15. f5 cxd4 16. Qxd4 Nc5 17. f6 Qe6 18. Rcd1 Rfe8 19. Nb5 Qc6 20. Nd6 Rad8 21. Qd2 Re6 22. Ngf5 gxf5 23. Qf2 Rxf6 24. Nxf5 Rxd1 25. Qg3+ Rg6 26.
Qb8+ Bc8 27. Rxd1 Re6 28. Qg3+ Rg6 29. Rd8+ 1-0

[Event "*** SCC Grand Prix: Titled Tuesday Blitz"]
[Site "Chess.com"]
[Date "2020.09.08"]
[Round "3"]
[White "garicradomir"]
[Black "Ranindu2003"]
[Result "0-1"]
[WhiteElo "2371"]
[BlackElo "2573"]
[TimeControl "180+1"]
[EndTime "10:28:55 PDT"]
[Termination "Ranindu2003 won on time"]

1. e4 e5 2. Nf3 Nc6 3. Nc3 Nf6 4. Bb5 Bb4 5. d3 d6 6. O-O Bd7 7. Ne2 O-O 8. Ng3 Re8 9. c3 Ba5 10. Re1 h6 11. Nh4 d5 12. Nhf5 Bxf5 13. Bxc6 bxc6 14.
Nxf5 dxe4 15. Qa4 Bb6 16. dxe4 Qd3 17. Qxc6 Rad8 18. Nxh6+ Kf8 19. Nf5 Re6 20. Qa4 g6 21. Ng3 Ng4 22. Be3 Bxe3 23. fxe3 Nxe3 24. Re2 Rf6 25.
Rae1 Ng4 26. Qa3+ Kg7 27. c4 Qxc4 28. h3 Rd3 29. Qe7 Qd4+ 0-1

[Event "*** SCC Grand Prix: Titled Tuesday Blitz"]
[Site "Chess.com"]
[Date "2020.09.08"]
[Round "3"]
[White "chessmachine14"]
[Black "shnitez"]
[Result "1-0"]
[WhiteElo "2357"]
[BlackElo "2521"]
[TimeControl "180+1"]
[EndTime "10:28:55 PDT"]
[Termination "chessmachine14 won on time"]

1. e4 c5 2. Nf3 e6 3. d4 cxd4 4. Nxd4 a6 5. Bd3 Bc5 6. Nb3 Be7 7. O-O d6 8. c4 Nf6 9. Nc3 b6 10. a4 Nc6 11. Kh1 Bb7 12. f4 O-O 13. Be3 Qc7 14. Qe2 Nd7 15. Rac1 Nc5 16. Nxc5 bxc5 17. Rcd1 Rab8 18.
Bb1 Ba8 19. Rf3 e5 20. Nd5 Qb7 21. f5 Qxb2 22. Qf1 f6 23. Rh3 Rfe8 24. Bd3 Bf8 25. Qf3 Nd4 26. Qh5 h6 27. Nxf6+ 1-0

[Event "*** SCC Grand Prix: Titled Tuesday Blitz"]
[Site "Chess.com"]
[Date "2020.09.08"]
[Round "3"]
[White "grunbergmihai"]
[Black "Konek-Gorbunok"]
[Result "1/2-1/2"]
[WhiteElo "2456"]
[BlackElo "2320"]
[TimeControl "180+1"]
[EndTime "10:28:56 PDT"]
[Termination "Game drawn by repetition"]

1. Nf3 e6 2. c4 d5 3. g3 c6 4. Bg2 Be7 5. O-O Nf6 6. d4 Ne4 7. Nc3 f5 8. Qc2 O-O 9. e3 Nd7 10. Ne2 Nd6 11. b3 Bf6 12. Nf4 Re8 13. Nd3 Nf7 14. Bb2 g6 15. a4 dxc4 16. bxc4 e5 17.
dxe5 Ndxe5 18. Ndxe5 Nxe5 19. Rfd1 Qe7 20. c5 Nxf3+ 21.
Bxf3 Bxb2 22. Qxb2 Be6 23. Rac1 Rad8 24. h4 Rxd1+ 25.
Bxd1 Rd8 26. Bb3 Bxb3 27. Qxb3+ Qf7 28. Qb4 Rd7 29. h5 g5 30. h6 Qe6 31. Qb1 Kf7 32.
Rd1 Rxd1+ 33. Qxd1 Kg6 34. Qd8 Kxh6 35. Qd6 Qg6 36.
Qb8 Qf7 37. Qxa7 Qb3 38. a5 Qd1+ 39. Kg2 Qd5+ 40. Kg1 Qd1+ 41. Kg2 Qd5+ 42. Kg1 Qd1+ 1/2-1/2

[Event "*** SCC Grand Prix: Titled Tuesday Blitz"]
[Site "Chess.com"]
[Date "2020.09.08"]
[Round "3"]
[White "lelya96"]
[Black "Chessdreamer2020"]
[Result "0-1"]
[WhiteElo "2156"]
[BlackElo "2381"]
[TimeControl "180+1"]
[EndTime "10:28:57 PDT"]
[Termination "Chessdreamer2020 won by resignation"]

1. b3 c5 2. Bb2 Nc6 3. e3 e5 4.
Bb5 Nge7 5. Ne2 a6 6. Bxc6 Nxc6 7. O-O Be7 8. f4 d6 9. d3 O-O 10. Nd2 Bf6 11. Ne4 Be7 12. N4g3 f6 13. Qe1 d5 14.
fxe5 fxe5 15. e4 d4 16. Nf5 Bxf5 17. exf5 Nb4 18. Qd1 Nd5 19. Bc1 Bg5 20. Ng3 Bxc1 21. Qxc1 Ne3 22. Rf2 Qd7 23. f6 Rxf6 24. Rxf6 gxf6 25.
c4 Qg4 26. Qd2 Rf8 27. Ne4 b6 28. h3 Qg6 29. b4 f5 30. Nc3 cxb4 31. Nd5 Nxd5 32.
cxd5 a5 33. Rc1 Kh8 34. Rc6 Qg3 35. Qh6 Qe3+ 36. Qxe3 dxe3 37. Rxb6 Rd8 38. d6 Kg7 39. Kf1 Kf6 40. Ke2 f4 41. Ra6 Ke6 42. Rxa5 Rxd6 43. Ra7 h6 44. Rh7 Kd5 45. Re7 Ra6 46. Rd7+ Kc6 47. Rh7 Rxa2+ 48. Kf3 Rf2+ 49. Kg4 e2 0-1

[Event "*** SCC Grand Prix: Titled Tuesday Blitz"]
[Site "Chess.com"]
[Date "2020.09.08"]
[Round "3"]
[White "ajedrezsinlimites"]
[Black "Witik"]
[Result "1-0"]
[WhiteElo "2454"]
[BlackElo "2699"]
[TimeControl "180+1"]
[EndTime "10:28:58 PDT"]
[Termination "ajedrezsinlimites won by resignation"]

1. e4 c5 2. Nf3 Nc6 3. d4 cxd4 4. Nxd4 g6 5. c4 Nf6 6. Nc3 d6 7. Be2 Bg7 8. Be3 O-O 9. O-O Nxd4 10. Bxd4 Be6 11.
Rc1 Qa5 12. b3 Rfc8 13. f3 a6 14. a4 Nd7 15. Nd5 Bxd5 16. exd5 Bxd4+ 17. Qxd4 Qc5 18. Rfd1 Qxd4+ 19. Rxd4 b5 20. a5 b4 21. Ra1 Nc5 22.
Bd1 Rd8 23. Bc2 e5 24. dxe6 Nxe6 25. Rd2 Ra7 26. Rad1 Rad7 27. Kf2 Nc5 28. Rd5 Kf8 29. h4 Ke7 30. h5 Kf6 31. g4 Ne6 32. Kg3 h6 33. f4 g5 34. fxg5+ Nxg5 35. Bf5 Ne6 36. c5 Ke7 37. Bxe6 Kxe6 38. Rxd6+ Rxd6 39. Rxd6+ Rxd6 40. cxd6 Kxd6 41. g5 Ke5 42. gxh6 Kf6 43. Kg4 1-0